 Dungeon Crawl Stone Soup version 0.25.1-2-g60ff931df9 (webtiles) character file.

Game seed: 14744386792640651146

119 hawla the Conjurer (level 4, 0/33 HPs)
             Began as a Draconian Conjurer on Nov 18, 2020.
             Slain by a gnoll
             ... wielding a +0 halberd
              (10 damage)
             ... on level 3 of the Dungeon on Nov 19, 2020.
             The game lasted 00:08:03 (3402 turns).

hawla the Conjurer (Draconian Conjurer)             Turns: 3402, Time: 00:08:05

Health: 0/33       AC:  6    Str: 11    XL:     4   Next: 74%
Magic:  0/9        EV: 12    Int: 16    God:
Gold:   236        SH:  0    Dex: 11    Spells: 3/10 levels left

rFire    . . .     SeeInvis .   l - +0 hand axe
rCold    . . .     Gourm    .   (no shield)
rNeg     . . .     Faith    .   (armour unavailable)
rPois    .         Spirit   .   g - +0 hat {MR+}
rElec    .         Reflect  .   d - +0 cloak
rCorr    .         Harm     .   (no gloves)
MR       +....                  (no boots)
Stlth    ++........             (no amulet)
HPRegen  0.11/turn              a - ring of wizardry
MPRegen  0.11/turn              (no ring)

@: mighty, very slightly contaminated
A: unfitting armour, cold-blooded, AC +5
a: no special abilities


You were on level 3 of the Dungeon.
You were not hungry.

You visited 1 branch of the dungeon, and saw 3 of its levels.

You collected 236 gold pieces.

Inventory:

Hand Weapons
 l - a +0 hand axe (weapon)
Armour
 d - a +0 cloak (worn)
 g - a +0 hat of magic resistance (worn)
Jewellery
 a - a ring of wizardry (left hand)
 k - a cursed -4 ring of protection {unknown}
Scrolls
 c - a scroll of identify
 e - 5 scrolls of teleportation
 i - a scroll of remove curse
Potions
 j - a potion of resistance
Comestibles
 b - 3 rations
 h - 4 chunks of flesh


   Skills:
 - Level 1.7 Dodging
 - Level 1.7 Stealth
 + Level 3.7 Spellcasting
 + Level 4.5 Conjurations
 * Level 1.8 Translocations


You had 3 spell levels left.
You knew the following spells:

 Your Spells              Type           Power        Failure   Level  Hunger
a - Magic Dart            Conj           ###.         1%          1    None
b - Searing Ray           Conj           ###...       1%          2    ##.....
c - Iskenderun's Mystic   Conj/Tloc      ##......     19%         4    ####...

Your spell library contained the following spells:

 Spells                   Type           Power        Failure   Level  Hunger
 Dazzling Flash           Conj/Hex       ##....       9%          3    ###....
 Fulminant Prism          Conj/Hex       ##........   26%         4    ####...


Dungeon Overview and Level Annotations

Branches:
Dungeon (3/15)

Altars:
Gozag
Trog
Uskayaw
The Shining One


Innate Abilities, Weirdness & Mutations

Your plain brown scales are hard. (AC +5)
You cannot fit into any form of body armour.
You are cold-blooded and may be slowed by cold attacks.


Message History

Okay, then.
You feel very mighty all of a sudden.
Casting: Magic Dart (safe; 1% risk of failure)
Confirm with . or Enter, or press ? or * to list all spells.
Aiming: Searing Ray (safe; 1% risk of failure)
Press: ? - help, Shift-Dir - straight line, f/p - gnoll
Aim: a gnoll, wielding a +0 flail (lightly wounded)
The searing ray hits the gnoll!
The gnoll is almost dead. (Press . to maintain the ray.)
The gnoll misses you. The gnoll closely misses you.
The gnoll completely misses you. The gnoll closely misses you. x2
You hit the gnoll.
The gnoll is moderately wounded.
You closely miss the gnoll. You barely miss the gnoll.
The gnoll barely misses you. The gnoll closely misses you.
The gnoll hits you with a cursed -1 halberd.
The gnoll hits you with a +0 halberd!
You die...

#.[.........#....##....#
####รท.......#.##.#...#.##
...............#.##.........
...............#.###........
.).............#.# #....#...
#+#####........#.# ##...#...
#.........(# #...#.##
##..gg.....# #.....#
#..g@.....# #.#...#
#.........# #.....#
########### ###.##.#
#....#.# #....#.# #....#.#
#......# #......# #####.>#


You could see 3 gnolls.

Vanquished Creatures
  5 adders
  3 worms
  A dart slug (D:2)
  5 leopard geckos
  3 orcs (D:3)
  A ball python (D:2)
  3 giant cockroaches
  6 goblins
  7 hobgoblins
  2 jackals (D:1)
  7 bats
  4 frilled lizards
  3 kobolds
  9 rats
59 creatures vanquished.

Notes
Turn   | Place    | Note
-------+----------+-------------------------------------------
     0 | D:1      | hawla the Draconian Conjurer began the quest for the Orb.
     0 | D:1      | Reached XP level 1. HP: 14/14 MP: 3/3
   254 | D:1      | Reached XP level 2. HP: 20/20 MP: 0/5
   258 | D:1      | Learned a level 2 spell: Searing Ray
   301 | D:1      | Found a glowing golden altar of the Shining One.
  1430 | D:2      | Reached XP level 3. HP: 26/26 MP: 1/7
  1886 | D:2      | Reached XP level 4. HP: 27/33 MP: 1/9
  2178 | D:2      | Found a hide-covered altar of Uskayaw.
  2327 | D:2      | Noticed a moth of wrath
  2330 | D:2      | Found a bloodstained altar of Trog.
  2347 | D:2      | Learned a level 4 spell: Iskenderun's Mystic Blast
  2787 | D:2      | Found an opulent altar of Gozag.
  2965 | D:3      | Reached skill level 1 in Translocations
  3402 | D:3      | Slain by a gnoll

Illustrated notes

Levels and vault maps discovered:
D:1:      evilmike_arrival_fibonacci_small, layout_basic,
          kennysheep_decorative_pillar, tso_metal_star
D:2:      layout_basic, tgw_trog, nicolae_overflow_hidden_temple
D:3:      layout_basic, lemuel_crystal_altar

Skill      XL: |  1  2  3  4 |
---------------+-------------+-----
Spellcasting   | 3 |  3.7
Translocations | 1 |  1.8
Dodging        | |  1.7
Stealth        | |  1.7
Conjurations   | |  4.5

Action                   |  1- 3 |  4- 6 || total
-------------------------+-------+-------++-------
Melee: Unarmed           |    16 |     5 ||    21
       Tailslap          |     1 |     1 ||     2
       Hand axe          |       |     3 ||     3
 Cast: Magic Dart        |    65 |    17 ||    82
       Searing Ray       |     9 |    17 ||    26
       Iskenderun's Myst |       |     2 ||     2
  Use: Scroll            |     7 |     1 ||     8
       Potion            |       |     1 ||     1
  Eat: Chunk             |     4 |     5 ||     9
Armor: Skin              |     5 |     5 ||    10
Dodge: Dodged            |    10 |    19 ||    29
